 Dungeon Crawl Stone Soup version 0.27-a0-334-g52645efa06 (webtiles) character file.

Game seed: 4724363002118237407

65 inc the Vexing (level 3, 15/15 HPs)
             Began as a Felid Enchanter on Feb 13, 2021.
             Quit the game on level 3 of the Dungeon.
             The game lasted 00:05:40 (4569 turns).

inc the Vexing (Felid Enchanter)                    Turns: 4569, Time: 00:05:40

Health: 15/15      AC:  1    Str:  4    XL:     3   Next: 92%
Magic:  7/7        EV: 18    Int: 22    God:
Gold:   113        SH:  0    Dex: 17    Spells: 0/6 levels left
                                        Lives:  0   Deaths: 1

rFire    . . .     SeeInvis +     - Unarmed
rCold    . . .     Faith    .   (shield unavailable)
rNeg     . . .     Spirit   .   (armour unavailable)
rPois    .         Reflect  .   (helmet unavailable)
rElec    .         Harm     .   (cloak unavailable)
rCorr    .         Rampage  .   (gloves unavailable)
Will     .....                  (boots unavailable)
Stlth    +++.......             (no amulet)
HPRegen  0.05/turn              e - +6 ring of intelligence
MPRegen  0.10/turn              (no ring)

@: quick
A: very small, no armour, no weapons or thrown items, stealth, claws 1, fangs 3,
see invisible, speed 1, shaggy fur 1, sharp paws
a: no special abilities


You were on level 3 of the Dungeon.
You visited 1 branch of the dungeon, and saw 4 of its levels.

You collected 113 gold pieces.

Inventory:

Jewellery
 e - a +6 ring of intelligence (left paw)
Scrolls
 a - a scroll of blinking {unknown}
 b - 2 scrolls of teleportation {unknown}
 c - 2 scrolls of identify
 f - a scroll of random uselessness {unknown}
 h - 2 scrolls of magic mapping {unknown}
 i - a scroll of noise {unknown}
 j - a scroll of enchant weapon {unknown}
 k - 2 scrolls of enchant armour {unknown}
Potions
 d - a potion of heal wounds
 g - 2 potions of mutation


   Skills:
 + Level 0.4 Fighting
 + Level 2.9 Dodging
 + Level 4.1 Stealth
 + Level 2.3 Unarmed Combat
 - Level 2.0 Spellcasting
 - Level 6.7 Hexes
 - Level 1.3 Ice Magic


You couldn't memorise any spells.
You knew the following spells:

 Your Spells              Type           Power        Failure   Level
a - Corona                Hex            34%          1%          1
b - Ensorcelled Hibernat  Hex/Ice        38%          4%          2
c - Confusing Touch       Hex            31%          2%          3

Your spell library contained the following spells:

 Spells                   Type           Power        Failure   Level
 Tukima's Dance           Hex            31%          2%          3
 Dazzling Flash           Conj/Hex       34%          11%         3


Dungeon Overview and Level Annotations

Branches:
Dungeon (4/15)
 Temple: D:4-7

Altars:
Elyvilon


Innate Abilities, Weirdness & Mutations

You cannot wear armour.
You are incapable of wielding weapons or throwing items.
Your paws allow you to move quietly. (Stealth)
You have sharp claws.
You have razor-sharp teeth.
You have supernaturally acute eyesight. (SInv)
You cover ground quickly.
You are covered in fur. (AC +1)
Your sharp claws are effective at attacking unaware monsters.


Message History

The orc wizard casts a spell at you. You resist with some effort.
The orc wizard hits you but does no damage.
You feel drained.
Unknown command.
Casting: Ensorcelled Hibernation (safe; 4% risk of failure)
Confirm with . or Enter, or press ? or * to list all spells.
Aiming: Ensorcelled Hibernation (safe; 4% risk of failure)
Press: ? - help, Shift-Dir - straight line, f/p - orc wizard
Aim: an orc wizard, wielding a +2 dagger of draining and wearing a +0 robe (slightly transparent, chance to affect: 50%)
Okay, then.
The orc wizard casts a spell at you.
You are confused.
The orc wizard casts a spell at itself.
The orc wizard flickers and vanishes for a moment.
The orc wizard casts a spell at you. The puff of flame hits you!
Ouch! That really hurt!
* * * LOW HITPOINT WARNING * * *
Unknown command.
You feel better. The orc wizard barely misses you.
The orc wizard gestures at you while chanting.
The puff of flame misses you.
Okay, then.
The orc wizard hits you with a +0 dagger.
The orc wizard casts a spell at you. You resist with some effort.
The orc wizard points at you and mumbles some strange words.
You resist with some effort.
The orc wizard gestures at you while chanting.
The puff of flame misses you. The orc wizard casts a spell at you.
The puff of flame hits you!
You die...
You are now level 3!
You rejoin the land of the living...
A ball python comes into view.
Are you sure you want to abandon this character and quit the game? (Confirm with "yes".)
Okay, then.
Are you sure you want to abandon this character and quit the game? (Confirm with "yes".)

...........# ....#
......####.....S.....#
......####...........#### ######
......'.................# ......
......####.###...###....# ......
......###....'..........#+#......
.............#...................
...#.........#...................
.............#..@................
....#+###....#...................
....#.# #....####......##........
......####.............##o)......
........................#........
......###.........#...#.#......#.
......###.........#...#.#......#
......................#.#.######.
###....###..o.........#.#........


You could see a ball python (asleep).

Vanquished Creatures
  2 adders (D:2)
  3 gnolls
  A worm (D:3)
  2 dart slugs (D:2)
  4 orcs (D:3)
  3 giant cockroaches
  9 goblins
  8 hobgoblins
  6 jackals
  3 quokkas
  2 ball pythons (D:2)
  8 bats
  4 frilled lizards
  5 kobolds
  12 rats
72 creatures vanquished.

Vanquished Creatures (others)
  2 plants (D:1)
2 creatures vanquished.

Grand Total: 74 creatures vanquished

Notes
Turn   | Place    | Note
-------+----------+-------------------------------------------
     0 | D:1      | inc the Felid Enchanter began the quest for the Orb.
     0 | D:1      | Reached XP level 1. HP: 7/7 MP: 4/4
   473 | D:1      | Reached XP level 2. HP: 3/11 MP: 3/6
   500 | D:1      | Learned a level 2 spell: Ensorcelled Hibernation
  1713 | D:1      | Reached skill level 1 in Ice Magic
  1755 | D:1      | Reached XP level 3. HP: 9/14 MP: 4/7
  2108 | D:2      | Reached skill level 5 in Hexes
  2398 | D:2      | Learned a level 3 spell: Confusing Touch
  3257 | D:2      | Reached skill level 6 in Hexes
  3257 | D:2      | Reached XP level 4. HP: 16/18 MP: 1/8
  3939 | D:3      | Found a white marble altar of Elyvilon.
  4568 | D:3      | Killed from afar by an orc wizard
  4569 | D:3      | Reached XP level 3. HP: 0/13 MP: 4/7
  4569 | D:3      | Quit the game

Illustrated notes

Levels and vault maps discovered:
D:1:      minmay_arrival_diagonal_passages, layout_basic, serial_forest,
          infiniplex_forest_diagonal, infiniplex_forest_straight_4,
          infiniplex_forest_lined_2, infiniplex_forest_straight_4,
          infiniplex_forest_lined_room_2, infiniplex_forest_end_2,
          infiniplex_forest_clump_small
D:2:      layout_rooms, minmay_randomly_rotated_circles
D:3:      layout_basic, lemuel_round_altar, fedhas_altar_fruit_tree
D:4:      layout_loops_ring

Skill      XL: |  1  2  3 |
---------------+----------+-----
Unarmed Combat | 2 |  2.3
Ice Magic      | 1 |  1.3
Hexes          | 6 |  6.7
Fighting       | |  0.4
Dodging        | |  2.9
Stealth        | |  4.1
Spellcasting   | |  2.0

Action                   |  1- 3 |  4- 6 || total
-------------------------+-------+-------++-------
Melee: Unarmed           |   112 |    38 ||   150
       Bite              |     7 |     2 ||     9
 Cast: Corona            |     5 |       ||     5
       Ensorcelled Hiber |    32 |    35 ||    67
  Use: Scroll            |     3 |       ||     3
       Potion            |     1 |     1 ||     2
 Stab: Sleeping          |    28 |    20 ||    48
Armor: Skin              |     5 |     1 ||     6
Dodge: Dodged            |    96 |    33 ||   129

Table legend: (Time is in decaauts)
 A = Elapsed time spent in this place.
 B = Non-inter-level travel time spent in this place.
 C = Inter-level travel time spent in this place.
 D = Time resting spent in this place.
 E = Time spent auto-exploring this place.
 F = Levels seen in this place.
 G = Mean time per level.
                   A        B        C        D        E       F      G
               +--------+--------+--------+--------+--------+-----+--------+
         Total |   4245 |   4205 |     40 |   1451 |   2146 |   4 | 1061.2 |
       Dungeon |   4245 |   4205 |     40 |   1451 |   2146 |   4 | 1061.2 |
               +--------+--------+--------+--------+--------+-----+--------+

Top non-repeatable levels by time:
     D:1: 2044 daAuts
     D:2: 1519 daAuts
     D:3: 649 daAuts
     D:4: 31 daAuts
